 Dungeon Crawl Stone Soup version 0.19.5 (webtiles) character file.

311 bobthegiant the Digger (level 6, -11/32 HPs)
             Began as a Gargoyle Earth Elementalist on Mar 30, 2017.
             Shot with an arrow by a centaur (14 damage)
             ... on level 4 of the Dungeon on Mar 31, 2017.
             The game lasted 00:30:16 (5050 turns).

bobthegiant the Digger (GrEE)                       Turns: 5050, Time: 00:30:17

Health: -11/32     AC:  7    Str: 12    XL:     6   Next: 42%
Magic:  1/13       EV: 12    Int: 17    God:
Gold:   110        SH:  0    Dex: 10    Spells: 2 memorised, 10 levels left

rFire  . . .     SeeInvis .     p - +0 mace
rCold  . . .     Gourm    .     c - +0 robe
rNeg   + . .     Faith    .     (no shield)
rPois  ∞         Spirit   .     (no helmet)
rElec  +         Reflect  .     s - +0 cloak
rCorr  .         Harm     .     (no gloves)
MR     .....                    (no boots)
Stlth  ++........               (no amulet)
                                (no ring)
                                (no ring)

@: very slightly contaminated
A: negative energy resistance 1, electricity resistance, unbreathing,
petrification resistance, rot immunity, AC +4
a: no special abilities


You were on level 4 of the Dungeon.
You were not hungry.

You visited 1 branch of the dungeon, and saw 5 of its levels.

You collected 110 gold pieces.

Inventory:

Hand Weapons
 a - a +0 club
 p - a +0 mace (weapon)
Missiles
 b - 68 stones (quivered)
 t - 11 poisoned needles
Armour
 c - a +0 robe (worn)
 n - a +0 leather armour
 s - a +0 cloak (worn)
Jewellery
 j - an uncursed amulet of harm {unknown}
Scrolls
 f - 7 scrolls of identify {unknown}
 g - a scroll of amnesia {unknown}
 h - a scroll of teleportation {unknown}
 k - 4 scrolls of remove curse {unknown}
 l - 2 scrolls of fog {unknown}
 o - 2 scrolls of enchant weapon {unknown}
 r - a scroll of immolation {unknown}
Potions
 i - 3 potions of curing
 m - 2 potions of haste {unknown}
 u - a potion of might {unknown}
 v - a potion of berserk rage {unknown}
Books
 e - a book of Geomancy

   Spells                             Type                      Level
   a - Sandblast                      Earth                        1
   b - Passwall                       Transmutation/Earth          2
   c - Stone Arrow                    Conjuration/Earth            3
   d - Petrify                        Transmutation/Earth          4
   e - Lee's Rapid Deconstruction     Earth                        5
Comestibles
 d - 2 bread rations
 q - a beef jerky
 w - a chunk of flesh
 x - a meat ration


   Skills:
 - Level 1.5 Dodging
 - Level 2.1 Stealth
 * Level 4.7 Spellcasting
 + Level 0.9 Conjurations
   Level 0.7 Transmutations
 + Level 5.9 Earth Magic


You had 10 spell levels left.
You knew the following spells:

 Your Spells              Type           Power        Failure   Level  Hunger
a - Sandblast             Erth           ###...       1%          1    None
b - Stone Arrow           Conj/Erth      ###...       12%         3    ###....


Dungeon Overview and Level Annotations

Branches:
Dungeon (5/15)
 Temple: D:4-7

Altars:
Fedhas

Annotations:
D:3 Sigmund


Innate Abilities, Weirdness & Mutations

You are resistant to torment.
Your stone body is resilient. (AC +4)
You are immune to poison.
You resist negative energy. (rN+)
You are resistant to electric shocks. (rElec)
You can survive without breathing.
You are immune to petrification.
You are immune to rotting.


Message History

Confirm with . or Enter, or press ? or * to list all spells.
Aiming: Sandblast
Press: ? - help, Shift-Dir - straight line, f/p - centaur
Aim: a centaur, wielding a shortbow (heavily wounded)
The blast of sand hits the centaur.
The centaur is severely wounded.
The centaur shoots an arrow.
The arrow barely misses you.
It was a potion of curing.
You feel better.
The centaur shoots an arrow.
The arrow hits you but does no damage.
Casting: Sandblast
Confirm with . or Enter, or press ? or * to list all spells.
Aiming: Sandblast
Press: ? - help, Shift-Dir - straight line, f/p - centaur
Aim: a centaur, wielding a shortbow (severely wounded)
The blast of sand hits the centaur.
The centaur is severely wounded.
The centaur shoots an arrow.
The arrow hits you!
* * * LOW HITPOINT WARNING * * *
The centaur shoots an arrow.
The arrow hits you!
You die...

......########### #$#
......#.........# #.#
.......(#######.# #c##.#
.##.#.### #.# #w##.#
.##.#.#########.##### #.##.#
....#......((.(w..w.# #.##.#
.##.#.(########c###.#####w##.#
.......# ##..###.......##.##
...(#.## ##...@##...........#
#####.# #....(##...........# #
#.# ##....##.#########.### ..
..# ##.####.# ##...# ......#
#.# #.# #..#.# #####.# #.# #.#
#..... #.########.####.#
#..### #<..............#
#..##. #####..........####.#
##.#..


You could see a centaur and a worm.

Vanquished Creatures
  A scorpion (D:4)
  3 hounds
  A centaur skeleton (D:4)
  A worker ant (D:4)
  An orc wizard (D:4)
  2 adders (D:4)
  An adder skeleton (D:4)
  A worm (D:2)
  3 dart slugs
  A leopard gecko (D:1)
  7 orcs
  A ball python (D:1)
  6 giant cockroaches
  8 goblins
  5 hobgoblins
  3 jackals (D:1)
  2 quokkas
  7 bats
  3 frilled lizards
  4 kobolds
  7 rats
68 creatures vanquished.

Notes
Turn   | Place    | Note
-------+----------+-------------------------------------------
     0 | D:1      | bobthegiant the Gargoyle Earth Elementalist began the quest for the Orb.
     0 | D:1      | Reached XP level 1. HP: 10/10 MP: 3/3
   368 | D:1      | Reached XP level 2. HP: 15/15 MP: 3/5
   436 | D:1      | Reached skill level 4 in Earth Magic
  1022 | D:1      | Reached XP level 3. HP: 19/19 MP: 3/6
  2337 | D:2      | Found a blossoming altar of Fedhas.
  2784 | D:3      | Reached skill level 5 in Earth Magic
  2784 | D:3      | Reached XP level 4. HP: 10/24 MP: 0/8
  3455 | D:3      | Noticed Sigmund
  3520 | D:4      | Reached XP level 5. HP: 28/28 MP: 4/10
  3554 | D:5      | Entered Level 5 of the Dungeon
  4359 | D:4      | Reached XP level 6. HP: 22/32 MP: 2/12
  4533 | D:4      | Learned a level 3 spell: Stone Arrow
  5050 | D:4      | Shot with an arrow by a centaur

Skill      XL: |  1  2  3  4  5 |
---------------+----------------+-----
Earth Magic    | 4 5 |  5.9
Spellcasting   | 3 4 |  4.7
Dodging        | |  1.5
Stealth        | |  2.1
Conjurations   | |  0.9
Transmutations | |  0.7

Action                   |  1- 3 |  4- 6 || total
-------------------------+-------+-------++-------
Melee: Unarmed           |    12 |       ||    12
       Club              |    23 |       ||    23
       Mace              |     6 |    17 ||    23
Throw: Stone             |    13 |    20 ||    33
 Cast: Sandblast         |    97 |    75 ||   172
       Stone Arrow       |       |     8 ||     8
  Use: Potion            |       |     1 ||     1
  Eat: Chunk             |     6 |     8 ||    14
Armor: Robe              |    30 |    23 ||    53
Dodge: Dodged            |    93 |    50 ||   143
